 Dungeon Crawl Stone Soup version bcrawl-1.27.1d (webtiles) character file.

Game seed: 15145066720320415593

126494 Banto the Slasher (level 4, 0/36 HPs)
             Began as a Demigod Wanderer on July 27, 2020.
             Killed by nerve-wracking pain
             ... invoked by Grinder
              (13 damage)
             ... on level 3 of the Dungeon.
             The game lasted 00:02:47 (1731 turns).

Banto the Slasher (Demigod Wanderer)                Turns: 1731, Time: 00:02:47

Health: 0/36       AC:  7    Str: 16    XL:     4   Next: 9%
Magic:  8/8        EV: 11    Int: 16    God:    Demigod [*.....]
Gold:   173        SH:  0    Dex: 18    Spells: 4/5 levels left

rFire    . . .     SeeInvis .   g - +2 short sword (venom)
rCold    + . .     Gourm    .   (no shield)
rNeg     . . .     Faith    .   h - +2 ring mail {rC+}
rPois    .         Spirit   .   (no helmet)
rElec    .         Reflect  .   (no cloak)
rCorr    .         Harm     .   (no gloves)
MR       .....                  (no boots)
Stlth    +.........             (no amulet)
HPRegen  0.12/turn              (no ring)
MPRegen  0.11/turn              (no ring)

@: no status effects
A: high mp 1
a: Temporal Distortion


You were on level 3 of the Dungeon.
You worshipped Demigod.
Demigod was aware of your devotion.
You were not hungry.

You visited 1 branch of the dungeon, and saw 3 of its levels.

You collected 173 gold pieces.

Inventory:

Hand Weapons
 a - a +0 falchion
 g - a +2 short sword of venom (weapon)
Missiles
 q - 62 poisoned tomahawks (quivered)
Armour
 c - a +0 medium shield
 h - a +2 ring mail of cold resistance (worn)
Scrolls
 d - 3 scrolls of remove curse {unknown}
 f - a scroll of amnesia {unknown}
 i - a scroll of fear {unknown}
 k - 2 scrolls of identify
 l - a scroll of noise {unknown}
 n - a scroll of enchant weapon {unknown}
 p - a scroll of teleportation {unknown}
Potions
 b - a potion of heal wounds
 j - 2 potions of curing
 o - a potion of lignification {unknown}
Comestibles
 e - 9 rations {!d}
 m - 3 chunks of flesh


   Skills:
 - Level 1.7 Fighting
 + Level 4.0 Long Blades
 - Level 1.0 Dodging
 - Level 1.0 Shields
 - Level 1.0 Spellcasting
   Level 1.0 Hexes
   Level 1.0 Poison Magic
   Level 1.0 Evocations


You had 4 spell levels left.
You knew the following spells:

 Your Spells              Type           Power        Failure   Level  Hunger
a - Flame Tongue          Conj/Fire      #....        41%         1    None

Your spell library contained the following spells:

 Spells                   Type           Power        Failure   Level  Hunger
 Flaming Arrows           Chrm/Fire      #.......     54%         2    ###....
 Confuse                  Hex            #.......     65%         3    #####..
 Dazzling Orbs            Conj/Hex       #......      71%         3    #####..
 Inner Flame              Hex/Fire       N/A          71%         3    #####..
 Conjure Flame            Conj/Fire      #.......     78%         3    #####..
 Yara's Violent Unravell  Hex/Tmut       #.........   98%         4    ######.
 Petrify                  Tmut/Erth      #.........   99%         4    ######.
 Sticky Flame             Conj/Fire      #.......     99%         4    ######.
 Fireball                 Conj/Fire      #.........   100%        5    #######
 Metabolic Englaciation   Hex/Ice        #.........   100%        5    #######
 Mana Rupture             Conj/Hex       #.........   100%        7    #######


Dungeon Overview and Level Annotations

Branches:
Dungeon (3/12)

Annotations:
D:3 2 transporters, Grinder


Innate Abilities, Weirdness & Mutations

You have an increased reservoir of magic. (+10% MP)


Message History

Grinder is lightly wounded.
Grinder hits you.
You writhe in agony.
You are too injured to fight recklessly!
Grinder gestures at you.
You suddenly lose the ability to move!
A frilled lizard comes into view.
Grinder gestures at you.
You shrug off the repeated paralysis!
The frilled lizard hisses angrily.
Grinder hits you!
You can move again.
You see here a kobold corpse.
Unknown command.
There is a stone staircase leading up here.
Grinder looks more healthy.
Grinder grins, showing sharp teeth.
Grinder gestures at you. Pain shoots through your body!
You die...
Your divinity fades.

#####..#.#.###..##♣...♣####...≈≈≈
.......#.#...#..####'####....≈P≈≈
####...#.#.#.#..............≈≈≈≈≈
...P...#.#...#..###.#####...≈P≈≈≈
≈...P.P#.........##.# .....≈≈≈≈
≈≈P.P........#......## ##...≈≈≈≈≈
≈≈≈......#...........#.#....≈P≈≈P
≈≈≈≈.P.........#.............≈≈≈≈
≈≈≈≈.P.........#@....#.#.##.≈≈≈≈.
≈≈≈≈≈♣.#.#.#..####5#.# # ..≈≈≈≈
≈≈≈P≈≈P#...#.......#.#.#...
≈≈.P.♣.....##..w####....#.#
≈.P.......>......w†........
≈.........#####............
..P..P....# ###########..
##.##.#...# #........#


You could see Grinder.

Vanquished Creatures
  An ooze (D:2)
  2 worms (D:2)
  3 dart slugs
  4 leopard geckos
  3 orcs
  2 ball pythons
  4 bats
  2 giant cockroaches
  6 goblins
  4 hobgoblins
  2 jackals (D:2)
  A quokka (D:2)
  A frilled lizard (D:1)
  7 kobolds
  6 rats
48 creatures vanquished.

Notes
Turn   | Place    | Note
-------+----------+-------------------------------------------
     0 | D:1      | Banto the Demigod Wanderer began the quest for the Orb.
     0 | D:1      | Banto set off with the following items: a +0 falchion, a +0
                  | medium shield, a +0 robe, a ration {!d}; and the following
                  | spell memorised: Flame Tongue; and the following spells
                  | available to memorise: Flaming Arrows, Conjure Flame, Inner
                  | Flame, Sticky Flame, Fireball
     0 | D:1      | Reached XP level 1. HP: 17/17 MP: 4/4
   129 | D:1      | Reached skill level 2 in Long Blades
   289 | D:1      | Reached XP level 2. HP: 24/24 MP: 5/5
   466 | D:1      | Reached skill level 3 in Long Blades
   815 | D:2      | Reached XP level 3. HP: 21/29 MP: 6/6
   865 | D:2      | Found a basalt altar of Yredelemnul.
   971 | D:2      | Reached * piety under Demigod
  1062 | D:2      | Found a burning altar of Makhleb.
  1482 | D:3      | Found a glowing golden altar of the Shining One.
  1512 | D:3      | Found an iron altar of Okawaru.
  1540 | D:3      | Reached skill level 4 in Long Blades
  1540 | D:3      | Reached XP level 4. HP: 32/36 MP: 8/8
  1668 | D:3      | Found a transporter.
  1668 | D:3      | Found a transporter.
  1669 | D:3      | Noticed a hippogriff
  1710 | D:3      | Noticed Grinder
  1719 | D:3      | Paralysed by Grinder for 4 turns
  1731 | D:3      | Killed from afar by Grinder

Skill      XL: |  1  2  3 |
---------------+----------+-----
Long Blades    | 2 3 4 |  4.0
Fighting       | |  1.7
Dodging        | |  1.0
Shields        | |  1.0
Spellcasting   | |  1.0
Hexes          | |  1.0
Poison Magic   | |  1.0
Evocations     | |  1.0

Action                   |  1- 3 |  4- 6 || total
-------------------------+-------+-------++-------
Melee: Falchion          |   162 |       ||   162
       Short sword       |     3 |     9 ||    12
  Use: Scroll            |     3 |       ||     3
  Eat: Chunk             |     6 |     1 ||     7
Armor: Ring mail         |    80 |     3 ||    83
Dodge: Dodged            |   120 |     4 ||   124
Block: Medium shield     |     6 |       ||     6
       Other             |     4 |       ||     4
